 Dungeon Crawl Stone Soup version 0.13-a0-2382-gbc6a47d (webtiles) character file.

193 ManOfSteam the Charlatan (level 4, 0/33 HPs)
             Began as a Human Artificer on July 14, 2013.
             Slain by a worm (9 damage)
             ... on Level 3 of the Dungeon.
             The game lasted 00:28:09 (3216 turns).

ManOfSteam the Charlatan (Human Artificer)          Turns: 3216, Time: 00:28:09

HP   0/33        AC  5     Str 11      XL: 4   Next: 65%
MP   6/6         EV  9     Int 13      God:
Gold 113         SH  0     Dex 14      Spells:  0 memorised,  3 levels left

Res.Fire  : . . .   See Invis. : .   j - +1,+0 dagger (freeze)
Res.Cold  : . . .   Warding    : .   B - +0 elf ring mail
Life Prot.: . . .   Conserve   : .   (no shield)
Res.Poison: .       Res.Corr.  : +   (no helmet)
Res.Elec. : .       Clarity    : .   (no cloak)
Sust.Abil.: . .     Spirit.Shd : .   (no gloves)
Res.Mut.  : .       Stasis     : .   (no boots)
Res.Rott. : .       Flight     : .   n - amulet of resist corrosion
Saprovore : . . .                    (no ring)
                                     (no ring)

@: slightly resistant to hostile enchantments, unstealthy
A: no striking features
a: no special abilities


You were on level 3 of the Dungeon.
You were not hungry.

You visited 1 branch of the dungeon, and saw 3 of its levels.

You collected 93 gold pieces.

Inventory:

Hand weapons
 a - a +0,+0 short sword
 j - a +1,+0 dagger of freezing (weapon)
 y - a +1,+0 elven dagger
Missiles
 h - 57 darts (quivered)
 l - 30 stones
Armour
 e - a +0 leather armour
 B - a +0 elven ring mail (worn)
 C - a +0 elven robe
Magical devices
 b - a wand of flame (7)
 c - a wand of enslavement (12)
 d - a wand of random effects (11)
 D - a wand of flame (9)
Comestibles
 v - 3 bread rations
Scrolls
 i - 2 scrolls of teleportation {unknown}
 k - 2 scrolls of curse armour {unknown}
 m - a scroll of noise {unknown}
 o - 3 scrolls of remove curse {unknown}
 r - 5 scrolls of identify
 s - a scroll of curse jewellery {unknown}
 t - a scroll of fog {unknown}
 u - a scroll of curse weapon {unknown}
 x - a scroll of fear {unknown}
Jewellery
 n - an amulet of resist corrosion (around neck)
Potions
 f - a potion of resistance {unknown}
 g - 2 potions of brilliance {unknown}
 p - 3 potions of invisibility {unknown}
 q - 2 potions of curing {unknown}
 w - a potion of restore abilities {unknown}
 z - 3 potions of heal wounds {unknown}


   Skills:
 + Level 1.0 Fighting
 + Level 1.2 Short Blades
 + Level 1.0 Throwing
 + Level 1.3 Armour
 + Level 2.8 Dodging
 + Level 1.3 Stealth
 + Level 2.2 Traps
 + Level 3.8 Evocations


You had 3 spell levels left.
You didn't know any spells.

Dungeon Overview and Level Annotations

Branches:
Dungeon (3/27)

Altars:


Message History

You hit the worm. You freeze the worm.
The worm is severely wounded.
The worm bites you.
You barely miss the worm.
The worm is severely wounded.
You hit the worm but do no damage.
The worm is severely wounded.
The worm closely misses you.
You hit the worm but do no damage.
The worm is severely wounded.
You completely miss the worm.
The worm is severely wounded.
The worm bites you!
* * * LOW HITPOINT WARNING * * *
You barely miss the worm.
The worm is severely wounded.
You hit the worm but do no damage.
The worm is severely wounded.
The worm bites you!
You die...

############ #.. ...!..... #.#
#........#
###########.###...$....##
........................=
#######......##..........
.................%.........!.
................@w............
#########.#.##.#.##..........#
#.#.##.#.# .........#
#.#.##.#)# ........#
#.#.##.#.# ......)# #.#.##.#.#
. ...#
#.#.##.#.##########.####.
#.........%.....<........ ##
######...........#######.####.


You could see a worm.

Vanquished Creatures
  3 adders
  A worm (D:2)
  2 giant geckos (D:1)
  An ooze (D:1)
  5 giant cockroaches
  5 hobgoblins
  7 kobolds
  A ball python (D:2)
  7 bats
  5 giant newts
  3 goblins
  2 jackals (D:2)
  2 rats
44 creatures vanquished.

Vanquished Creatures (collateral kills)
  A giant newt (D:2)
  A rat (D:1)
2 creatures vanquished.

Grand Total: 46 creatures vanquished

Notes
Turn   | Place    | Note
--------------------------------------------------------------
     0 | D:1      | ManOfSteam, the Human Artificer, began the quest for the Orb.
     0 | D:1      | Reached XP level 1. HP: 16/16 MP: 1/1
   398 | D:1      | Reached XP level 2. HP: 22/22 MP: 3/3
  1177 | D:2      | Reached skill level 1 in Armour
  1177 | D:2      | Reached XP level 3. HP: 19/27 MP: 4/4
  2029 | D:2      | Reached XP level 4. HP: 33/33 MP: 6/6
  2064 | D:2      | Reached skill level 1 in Throwing
  3216 | D:3      | Slain by a worm

Action                   |  1- 3 |  4- 6 || total
-------------------------+-------+-------++-------
Melee: Dagger            |   115 |    97 ||   212
Throw: Dart              |    16 |     5 ||    21
Evoke: Wand              |     9 |     6 ||    15
  Use: Scroll            |       |     2 ||     2
 Stab: Sleeping          |     1 |       ||     1
